 Dungeon Crawl Stone Soup version 0.26.0-10-g1f06aea511 (webtiles) character file.

Game seed: 14351560725688310931

55 inc the Vexing (level 3, -1/22 HPs)
             Began as a Felid Enchanter on Feb 1, 2021.
             Slain by Robin
             ... wielding a +5 dagger of venom
              (3 damage)
             ... on level 2 of the Dungeon.
             The game lasted 00:03:07 (2637 turns).

inc the Vexing (Felid Enchanter)                    Turns: 2637, Time: 00:03:08

Health: -1/22      AC:  1    Str:  4    XL:     3   Next: 67%
Magic:  7/7        EV: 18    Int: 16    God:
Gold:   76         SH:  0    Dex: 17    Spells: 0/6 levels left
                                        Lives:  0   Deaths: 0

rFire    . . .     SeeInvis +     - Unarmed
rCold    . . .     Faith    .   (shield unavailable)
rNeg     . . .     Spirit   .   (armour unavailable)
rPois    +         Reflect  .   (helmet unavailable)
rElec    .         Harm     .   (cloak unavailable)
rCorr    .         Rampage  .   (gloves unavailable)
Will     .....                  (boots unavailable)
Stlth    ..........             (no amulet)
HPRegen  0.07/turn              (no ring)
MPRegen  0.10/turn              (no ring)

@: berserking, lethally poisoned (-1 -> -11), very quick
A: very small, no armour, no weapons or thrown items, stealth, claws 1, fangs 3,
see invisible, speed 1, poison resistance, shaggy fur 1, sharp paws
a: no special abilities


You were on level 2 of the Dungeon.
You visited 1 branch of the dungeon, and saw 2 of its levels.

You collected 76 gold pieces.

Inventory:

Scrolls
 e - 3 scrolls of identify
 i - a scroll of amnesia {unknown}
Potions
 a - a potion of curing {unknown}
 b - 2 potions of resistance
 d - a potion of brilliance {unknown}
 g - a potion of attraction {unknown}
 h - a potion of mutation
 j - a potion of magic


   Skills:
 + Level 1.0 Fighting
 - Level 2.6 Dodging
 - Level 4.0 Stealth
 - Level 3.4 Unarmed Combat
 - Level 2.0 Spellcasting
 - Level 4.4 Hexes


You couldn't memorise any spells.
You knew the following spells:

 Your Spells              Type           Power        Failure   Level
a - Corona                Hex            16%          3%          1
b - Ensorcelled Hibernat  Hex/Ice        16%          13%         2
c - Confusing Touch       Hex            15%          11%         3

Your spell library contained the following spells:

 Spells                   Type           Power        Failure   Level
 Tukima's Dance           Hex            15%          11%         3
 Dazzling Flash           Conj/Hex       16%          26%         3


Dungeon Overview and Level Annotations

Branches:
Dungeon (2/15)

Altars:
Makhleb

Annotations:
D:2 Robin


Innate Abilities, Weirdness & Mutations

You cannot wear armour.
You are incapable of wielding weapons or throwing items.
Your paws allow you to move quietly. (Stealth)
You have sharp claws.
You have razor-sharp teeth.
You have supernaturally acute eyesight. (SInv)
You cover ground quickly.
You are covered in fur. (AC +1)
Your sharp claws are effective at attacking unaware monsters.
Your system is resistant to poisons. (rPois)


Message History

You feel sick.
It was a potion of magic.
Magic courses through your body.
* * * LOW HITPOINT WARNING * * *
You feel sick.
The goblin no longer looks unusually strong.
Robin roars a battlecry!
The goblin goes into a battle-frenzy!
The goblin barely misses you.
It was a potion of berserk rage.
A red film seems to cover your vision as you go berserk!
You feel yourself moving faster!
You feel mighty! The goblin completely misses you.
You are too berserk!
You scratch the goblin.
You kill the goblin!
* * * LOW HITPOINT WARNING * * *
You feel sick.
Your Fighting skill increases to level 1!
Robin hits you with a +5 dagger of venom.
You die...

#........########
#.##.#.#.#..........
.....(......########
#.##.#.#.#..# #.#
........# ###.#
#######.# ...# #.#
#!#########.#
#.)..g@.....#
#.#########.#
######.#†.g.(....#
...>...g))# #.#
#######.### #.# #..
..# ### ###


You could see Robin.

Vanquished Creatures
  An adder (D:2)
  An ooze (D:2)
  A leopard gecko (D:1)
  2 giant cockroaches
  8 goblins
  6 hobgoblins
  3 kobolds
  A ball python (D:1)
  7 bats
  5 frilled lizards
  3 rats (D:1)
38 creatures vanquished.

Notes
Turn   | Place    | Note
-------+----------+-------------------------------------------
     0 | D:1      | inc the Felid Enchanter began the quest for the Orb.
     0 | D:1      | Reached XP level 1. HP: 7/7 MP: 4/4
   636 | D:1      | Reached XP level 2. HP: 10/11 MP: 4/6
  1693 | D:2      | Found a burning altar of Makhleb.
  2390 | D:1      | Learned a level 2 spell: Ensorcelled Hibernation
  2397 | D:2      | Reached XP level 3. HP: 11/14 MP: 5/7
  2504 | D:2      | Learned a level 3 spell: Confusing Touch
  2607 | D:2      | Noticed Robin
  2633 | D:2      | Gained mutation: Your system is resistant to poisons.
                  | (rPois) [potion of mutation]
  2637 | D:2      | Reached skill level 1 in Fighting
  2637 | D:2      | Slain by Robin

Illustrated notes

Levels and vault maps discovered:
D:1:      dpeg_arrival_shrine, layout_basic, minmay_crystal_room,
          minmay_pentomino_t4
D:2:      layout_loops_ring, lemuel_round_altar, overflow_temple_1_default,
          serial_glass, glass_columns_a, glass_columns_b,
          kennysheep_jessica_study, uniq_jessica, uniq_robin, uniq_terence

Skill      XL: |  1  2  3 |
---------------+----------+-----
Unarmed Combat | 2 3 |  3.4
Fighting       | 1 |  1.0
Dodging        | |  2.6
Stealth        | |  4.0
Spellcasting   | |  2.0
Hexes          | |  4.4

Action                   || total
-------------------------++-------
Melee: Unarmed           ||   117
       Bite              ||     4
       Punch             ||     1
 Cast: Corona            ||    12
       Ensorcelled Hiber ||     5
  Use: Potion            ||     5
       Scroll            ||     1
 Stab: Sleeping          ||    13
Armor: Skin              ||    11
Dodge: Dodged            ||   132
